AoeStats
← LUCIFER

Marketplace

504848118Analyzed
1v1 RM · 25d ago on Sep 6, 2026· 48m 47s· 2 players
Game mode
Random Map
Map size
Tiny (2 player)
Population
200
Speed
Normal
Resources
Standard
Victory
Conquest
Starting age
Dark Age
Ending age
Imperial Age
RankedLock teamsTeams togetherTeam positionsShared explorationLock speedFull tech treeHidden civsTurbo modeCheats
Victory
Defeat
🇬🇧 Hindustanis · United Kingdom
957
+14
🇹🇷 Vietnamese · Türkiye
914
-14
LUCIFER
11:02 Loom
13:50 Feudal Age
20:20 Horse Collar
22:16 Double-Bit Axe
23:13 Fletching
25:56 Castle Age
26:50 Crossbowman
27:35 Bodkin Arrow
29:45 Bow Saw
30:57 Heavy Plow
32:00 Gold Mining
35:20 Wheelbarrow
37:06 Hand Cart
38:06 Stone Mining
45:12 Imperial Age
45:19 Ballistics
45:55 Arbalester
46:41 Thumb Ring
47:09 Town Watch
48:33 Stone Shaft Mining
48:09 Town Patrol
Harms
6:45 Loom
10:13 Feudal Age
10:57 Double-Bit Axe
10:58 Horse Collar
17:56 Wheelbarrow
20:55 Castle Age
19:45 Scale Barding Armor
21:39 Bloodlines
22:01 Husbandry
22:39 Forging
22:35 Gold Mining
31:06 Gold Shaft Mining
30:46 Heavy Plow
37:44 Imperial Age
36:07 Caravan
37:21 Hand Cart
36:53 Town Watch
39:24 Stone Mining
39:25 Elite Ghulam
40:10 Grand Trunk Road
40:54 Conscription
41:42 Stone Shaft Mining
44:12 Bow Saw
43:28 Elite Skirmisher
44:04 Fletching
44:14 Padded Archer Armor
44:39 Ballistics
45:20 Chemistry
46:21 Two-Man Saw
45:51 Thumb Ring
46:10 Bodkin Arrow
46:31 Leather Archer Armor
48:18 Bracer
48:49 Ring Archer Armor
Connection lost

Rejoining the realm…

Still unreachable

The connection could not be restored.

Session expired

The server has moved on; the page needs a fresh start.